 Dungeon Crawl Stone Soup version 0.32-a0-314-g526f7d4993 (webtiles) character file.

Game seed: 16159887135077647490

106 Essalna the Magician (level 4, -2/24 HPs)
             Began as a Deep Elf Earth Elementalist on Feb 16, 2024.
             Slain by an orc
             ... wielding a +0 trident
              (5 damage)
             ... on level 3 of the Dungeon.
             The game lasted 00:02:32 (1908 turns).

Essalna the Magician (Deep Elf Earth Elementalist)  Turns: 1908, Time: 00:02:32

Health: -2/24      AC:  2    Str:  5    XL:     4   Next: 55%
Magic:  7/12       EV: 12    Int: 22    God:
Gold:   134        SH:  0    Dex: 15    Spells: 10/11 levels left

rFire   . . .        (no weapon)
rCold   . . .        (no shield)
rNeg    . . .        a - +0 robe
rPois   .            (no helmet)
rElec   .            (no cloak)
rCorr   .            (no gloves)
SInv    .            (no boots)
Will    .....        (no amulet)
Stlth   ++           (no ring)
HPRegen 0.24/turn    (no ring)
MPRegen 0.13/turn

%: no passive effects
@: no status effects
A: no striking features
a: no special abilities


You were on level 3 of the Dungeon.
You visited 1 branch of the dungeon, and saw 3 of its levels.

You collected 134 gold pieces.

Inventory:

Armour
 a - a +0 robe (worn)
 i - a +0 kite shield
Magical Staves
 h - a staff of cold
Scrolls
 d - 2 scrolls of enchant weapon {unknown}
 e - a scroll of poison {unknown}
 f - 2 scrolls of identify {unknown}
Potions
 b - a potion of magic
 c - a potion of enlightenment {unknown}
 g - 2 potions of lignification {unknown}
 j - 2 potions of mutation {unknown}


   Skills:
 - Level 2.4 Dodging
 - Level 2.4 Stealth
 + Level 1.2 Shields
 + Level 4.3 Spellcasting
 + Level 2.5 Conjurations
 + Level 4.1 Earth Magic


You had 10 spell levels left.
You knew the following spells:

 Your Spells              Type           Power      Damage    Failure   Level
a - Sandblast             Erth           46%        2d11      1%          1

Your spell library contained the following spells:

 Spells                   Type           Power      Damage    Failure   Level
 Passwall                 Erth           23%        N/A       6%          3
 Stone Arrow              Conj/Erth      38%        3d9       9%          3
 Brom's Barrelling Bould  Conj/Erth      19%        2d4       26%         4
 Petrify                  Alch/Erth      13%        N/A       43%         4


Dungeon Overview and Level Annotations

Branches:
Dungeon (3/15)

Altars:


Message History

The blast of sand hits the orc wizard.
The orc wizard is moderately wounded.
The orc wizard closely misses you.
Casting: Sandblast (safe; 2% risk of failure)
Confirm with . or Enter, or press ? or * to list all spells.
Aiming: Sandblast (safe; 2% risk of failure)
Press: ? - help, Shift-Dir - straight line, f/p - orc wizard
Aim: an orc wizard, wielding a +0 dagger and wearing a +0 robe (moderately wounded, 79% to hit)
The blast of sand misses the orc wizard.
The blast of sand hits the orc!
You kill the orc!
The orc wizard points at you and mumbles some strange words.
The puff of flame hits you! The orc closely misses you.
The orc hits you with a +0 flail!
* * * LOW HITPOINT WARNING * * *
The orc closely misses you.
Casting: Sandblast (safe; 1% risk of failure)
Confirm with . or Enter, or press ? or * to list all spells.
Aiming: Sandblast (safe; 1% risk of failure)
Press: ? - help, Shift-Dir - straight line, f/p - orc wizard
Aim: an orc wizard, wielding a +0 dagger and wearing a +0 robe (moderately wounded, 79% to hit)
The blast of sand hits the orc wizard!
You kill the orc wizard!
The orc closely misses you. The orc hits you with a +0 flail.
* * * LOW HITPOINT WARNING * * *
Okay, then.
Unknown command.
Okay, then.
Unknown command.
The orc attacks as it pursues you! The orc barely misses you.
The orc attacks as it pursues you! The orc closely misses you.
Casting: Sandblast (safe; 1% risk of failure)
Confirm with . or Enter, or press ? or * to list all spells.
Aiming: Sandblast (safe; 1% risk of failure)
Press: ? - help, Shift-Dir - straight line, f - orc
Aim: an orc, wielding a +0 flail (83% to hit)
The blast of sand hits the orc!
You kill the orc!
The orc hits you from afar with a +0 trident.
You die...

#.#.# #.#.# #.#.# . ##.#.#
..####....#######
.......<........#
#.###.....######.# #
#.##.....#######.####.#.##
#......)........@).J.)....
###..............o...####
##...########.####.#
##.#########.# ..
#...........# ##
#############


You could see an orc and an endoplasm.

Vanquished Creatures
  An orc wizard (D:3)
  An adder (D:2)
  A ribbon worm (D:2)
  3 dart slugs
  4 orcs (D:3)
  A ball python (D:1)
  An endoplasm (D:3)
  A giant cockroach (D:1)
  A goblin (D:2)
  2 hobgoblins (D:2)
  3 jackals (D:2)
  2 quokkas
  2 bats (D:1)
  5 frilled lizards
  5 kobolds
  4 rats
37 creatures vanquished.

Notes
Turn   | Place    | Note
-------+----------+-------------------------------------------
     0 | D:1      | Essalna the Deep Elf Earth Elementalist began the quest for
                  | the Orb.
     0 | D:1      | Reached XP level 1. HP: 10/10 MP: 6/6
   262 | D:1      | Reached XP level 2. HP: 15/15 MP: 6/8
   415 | D:1      | Found a faded altar of an unknown god.
  1087 | D:2      | Reached XP level 3. HP: 19/19 MP: 8/10
  1471 | D:2      | Reached XP level 4. HP: 24/24 MP: 9/12
  1863 | D:3      | Reached skill level 1 in Shields
  1908 | D:3      | Slain by an orc

Illustrated notes

Levels and vault maps discovered:
D:1:      psy_arrival_wood_between_worlds, layout_basic,
          dreamdust_ecumenical_altar_statues
D:2:      layout_basic, minmay_cut_off
D:3:      layout_loops_ring, lemuel_crystal_altar, serial_shops,
          nicolae_shop_statue_plus, uniq_grinder, uniq_crazy_yiuf_cottage

Skill      XL: |  1  2  3  4 |
---------------+-------------+-----
Conjurations   | 2 |  2.5
Spellcasting   | 4 |  4.3
Earth Magic    | 4 |  4.1
Shields        | 1 |  1.2
Dodging        | |  2.4
Stealth        | |  2.4

Action                     |  1- 3 |  4- 6 || total
---------------------------+-------+-------++-------
   Cast: Sandblast         |    42 |     9 ||    51
 Armour: Robe              |     3 |     4 ||     7
  Dodge: Dodged            |     5 |     6 ||    11

Table legend: (Time is in decaauts)
 A = Elapsed time spent in this place.
 B = Non-inter-level travel time spent in this place.
 C = Inter-level travel time spent in this place.
 D = Time resting spent in this place.
 E = Time spent auto-exploring this place.
 F = Levels seen in this place.
 G = Mean time per level.
                   A        B        C        D        E       F      G
               +--------+--------+--------+--------+--------+-----+--------+
         Total |   1932 |   1863 |     69 |      0 |   1683 |   3 |  644.0 |
       Dungeon |   1932 |   1863 |     69 |      0 |   1683 |   3 |  644.0 |
               +--------+--------+--------+--------+--------+-----+--------+

Top non-repeatable levels by time:
     D:1: 1072 daAuts
     D:2: 810 daAuts
     D:3: 50 daAuts
